 Dungeon Crawl Stone Soup version 0.28.0 (webtiles) character file.

Game seed: 16734922237338454923

275 Hasart the Conjurer (level 5, 0/38 HPs)
             Began as a Demigod Conjurer on Feb 9, 2022.
             Succumbed to a scorpion's poison
             ... on level 4 of the Dungeon.
             The game lasted 00:06:19 (3190 turns).

Hasart the Conjurer (Demigod Conjurer)              Turns: 3190, Time: 00:06:19

Health: 0/38       AC:  3    Str:  6 (8)  XL:     5   Next: 73%
Magic:  4/12       EV: 11    Int: 22 (24) God:
Gold:   150        SH:  0    Dex: 10 (12) Spells: 3/10 levels left

rFire   . . .      SeeInvis .   o - +2 dagger (venom)
rCold   . . .      Faith    .   (no shield)
rNeg    . . .      Spirit   .   d - +0 leather armour
rPois   .          Reflect  .   (no helmet)
rElec   .          Harm     .   (no cloak)
rCorr   .          Rampage  .   (no gloves)
Will    .....                   (no boots)
Stlth   +.........              (no amulet)
HPRegen 0.12/turn               (no ring)
MPRegen 0.13/turn               (no ring)

@: lethally poisoned (0 -> -16)
A: high MP 1, forlorn, divine attributes
a: no special abilities


You were on level 4 of the Dungeon.
You visited 1 branch of the dungeon, and saw 4 of its levels.

You collected 150 gold pieces.

Inventory:

Hand Weapons
 o - a +2 dagger of venom (weapon)
Armour
 d - a +0 leather armour (worn)
Wands
 m - a wand of polymorph (9)
Scrolls
 a - a scroll of noise {unknown}
 b - 4 scrolls of teleportation {unknown}
 c - a scroll of silence {unknown}
 e - 2 scrolls of fog {unknown}
 f - a scroll of vulnerability {unknown}
 g - a scroll of identify {unknown}
 j - a scroll of torment {unknown}
Potions
 h - a potion of flight {unknown}
 i - a potion of invisibility {unknown}
 k - a potion of degeneration
 n - a potion of haste {unknown}


   Skills:
 - Level 1.7 Dodging
 - Level 1.7 Stealth
 + Level 3.1 Spellcasting
 * Level 5.6 Conjurations
 + Level 1.3 Hexes
 + Level 0.6 Evocations


You had 3 spell levels left.
You knew the following spells:

 Your Spells              Type           Power      Damage    Failure   Level
a - Magic Dart            Conj           100%       1d8       1%          1
b - Searing Ray           Conj           56%        2d6       3%          2
c - Fulminant Prism       Conj/Hex       9%         3d7       41%         4

Your spell library contained the following spells:

 Spells                   Type           Power      Damage    Failure   Level
 Dazzling Flash           Conj/Hex       36%        N/A       14%         3
 Iskenderun's Mystic Bla  Conj/Tloc      15%        2d5       52%         4


Dungeon Overview and Level Annotations

Branches:
Dungeon (4/15)
 Temple: D:4-7

Shops:
D:1 *:


Innate Abilities, Weirdness & Mutations

You have an increased reservoir of magic. (+10% MP)
You shall have no god before yourself.
Your divine heritage dramatically boosts your attributes as you level up.


Message History

The scorpion stings you.
You are poisoned.
The scorpion poisons you!
The searing ray hits the scorpion.
The scorpion is severely wounded.
You finish channelling your searing ray.
You feel very sick. The scorpion closely misses you. The scorpion stings you.
You are lethally poisoned!
The scorpion poisons you!
You feel very sick. The scorpion barely misses you.
Unknown command.
Casting: Searing Ray (safe; 2% risk of failure)
Confirm with . or Enter, or press ? or * to list all spells.
Aiming: Searing Ray (safe; 2% risk of failure)
Press: ? - help, Shift-Dir - straight line, f/p - scorpion
Aim: a scorpion (severely wounded, 79% to hit)
The searing ray misses the scorpion. (Press . to maintain the ray.)
You feel very sick. The scorpion stings you.
You are more poisoned.
The scorpion poisons you!
Unknown command.
The searing ray hits the scorpion.
The scorpion is almost dead.
* * * LOW HITPOINT WARNING * * *
You feel very sick. The scorpion closely misses you.
Unknown command.
The searing ray hits the scorpion.
You kill the scorpion!
* * * LOW HITPOINT WARNING * * *
You feel very sick.
Unknown command.
It was a potion of degeneration.
There was something very wrong with that liquid.
You feel weakened.
You feel dopey.
You feel clumsy.
You die...

### #.. #.# ..#
#.#
#.#####.#######
........†.....#
#@# #.# #.# #.#
#.# #.# #.#
#####.# #.....#


There were no monsters in sight!

Vanquished Creatures
  A scorpion (D:4)
  A hound (D:3)
  A jelly (D:3)
  Natasha (thrice) (D:3)
  2 adders
  A worm (D:3)
  2 orcs (D:3)
  4 bats
  6 endoplasms
  3 giant cockroaches
  10 goblins
  8 hobgoblins
  2 jackals (D:1)
  2 quokkas
  A ball python (D:1)
  5 frilled lizards
  5 kobolds
  5 rats
62 creatures vanquished.

Notes
Turn   | Place    | Note
-------+----------+-------------------------------------------
     0 | D:1      | Hasart the Demigod Conjurer began the quest for the Orb.
     0 | D:1      | Reached XP level 1. HP: 14/14 MP: 5/5
   269 | D:1      | Found Gaqyelas's Book Shoppe.
   318 | D:1      | Reached skill level 4 in Conjurations
   321 | D:1      | Reached XP level 2. HP: 20/20 MP: 1/7
   324 | D:1      | Learned a level 2 spell: Searing Ray
   537 | D:1      | Found Kismeus's Assorted Antiques.
  1256 | D:2      | Reached XP level 3. HP: 26/26 MP: 5/8
  1974 | D:3      | Noticed Natasha
  1979 | D:3      | Killed Natasha
  1980 | D:3      | Reached XP level 4. HP: 28/33 MP: 4/10
  2024 | D:3      | Reached skill level 5 in Conjurations
  2146 | D:3      | Learned a level 4 spell: Fulminant Prism
  2453 | D:3      | Noticed Natasha
  2458 | D:3      | Killed Natasha
  2459 | D:3      | Reached XP level 5. HP: 32/38 MP: 5/12
  2630 | D:3      | Noticed Natasha
  2633 | D:3      | Killed Natasha
  2634 | D:3      | Reached skill level 1 in Hexes
  3190 | D:4      | Succumbed to a scorpion's poison

Illustrated notes

Levels and vault maps discovered:
D:1:      ebering_trefoil_3fold, layout_rooms,
          shapermc_ecumenical_altar_acropolis, serial_shops,
          nicolae_shop_temple_entry_statues_fountains, nicolae_lakefront_shop
D:2:      layout_loops_ring, basic_altar
D:3:      cheibrodos_greedy_goblins, layout_loops_cross, minivault_24,
          amcnicky_mini_rare_corridor_liquid, uniq_natasha
D:4:      layout_loops_ring, lemuel_crystal_altar, minmay_temple_entry_crystal_x

Skill      XL: |  1  2  3  4  5 |
---------------+----------------+-----
Conjurations   | 4 5 |  5.6
Spellcasting   | 2 3 |  3.1
Hexes          | 1 |  1.3
Dodging        | |  1.7
Stealth        | |  1.7
Evocations     | |  0.6

Action                   |  1- 3 |  4- 6 || total
-------------------------+-------+-------++-------
Melee: Spear             |     8 |       ||     8
 Cast: Magic Dart        |    37 |    28 ||    65
       Searing Ray       |    13 |     7 ||    20
  Use: Potion            |       |     1 ||     1
 Stab: Sleeping          |     1 |       ||     1
Armor: Leather armour    |     2 |     2 ||     4
Dodge: Dodged            |     3 |     5 ||     8
